 Dungeon Crawl Stone Soup version 0.30-a0-2-gf48d83f5e2 (webtiles) character file.

Game seed: 6704486736665736808

7854 SensoryNuts the Cleaver (level 10, -2/79 (83) HPs)
             Began as a Demigod Fighter on Aug 20, 2022.
             Slain by an unseen horror (5 damage)
             ... on level 9 of the Dungeon.
             The game lasted 00:13:33 (11943 turns).

SensoryNuts the Cleaver (Demigod Fighter)          Turns: 11943, Time: 00:13:33

HP:   -2/79 (83)    AC: 13    Str: 29    XL:     10   Next: 71%
MP:   14/14         EV: 11    Int: 16    God:
Gold: 676           SH:  5    Dex: 13    Spells: 9/9 levels left

rFire   . . .      SeeInvis .    a - +4 war axe
rCold   . . .      Faith    .    c - +0 buckler
rNeg    . . .      Spirit   .    b - +0 scale mail
rPois   .          Reflect  .    q - +0 helmet
rElec   .          Harm     .    g - +1 cloak
rCorr   .          Rampage  .    (no gloves)
Will    +....      Rage     3%   e - +1 pair of boots
Stlth   ..........               h - amulet of magic regeneration
HPRegen 0.23/turn                l - +6 ring of intelligence
MPRegen 0.54/turn                (no ring)

@: lightly drained
A: high MP 2, forlorn, divine attributes, berserk 1, subdued magic 1
a: no special abilities


You were on level 9 of the Dungeon.
You visited 1 branch of the dungeon, and saw 10 of its levels.
You also visited: Ossuary and Bailey.

You collected 712 gold pieces.
You spent 36 gold pieces at shops.

Inventory:

Hand Weapons
 a - a +4 war axe (weapon)
Armour
 b - a +0 scale mail (worn)
 c - a +0 buckler (worn)
 e - a +1 pair of boots (worn)
 g - a +1 cloak (worn)
 q - a +0 helmet (worn)
Jewellery
 f - a ring of willpower
 h - an amulet of magic regeneration (around neck)
 l - a +6 ring of intelligence (left hand)
 n - a ring of positive energy
 G - a ring of poison resistance
Wands
 v - a wand of polymorph (13)
 y - a wand of iceblast (10)
 A - a wand of flame (10)
Scrolls
 k - 2 scrolls of poison
 m - a scroll of magic mapping
 p - a scroll of teleportation
 r - 2 scrolls of noise
 t - 4 scrolls of immolation
 u - a scroll of amnesia
 w - 2 scrolls of summoning
 x - 4 scrolls of enchant armour
 F - 2 scrolls of vulnerability
 H - a scroll of fear
Potions
 d - a potion of might
 i - a potion of cancellation
 j - a potion of lignification
 o - 2 potions of brilliance
 z - a potion of magic
 B - 6 potions of degeneration
 C - 2 potions of resistance
 D - a potion of berserk rage
 E - a potion of haste


   Skills:
 + Level 6.0 Fighting
 * Level 12.6 Axes
 + Level 6.6 Armour
 + Level 3.1 Dodging
 + Level 1.6 Stealth
 + Level 3.8 Shields


You had 9 spell levels left.
You didn't know any spells.
Your spell library contained the following spells:

 Spells                   Type           Power      Damage    Failure   Level
 Magic Dart               Conj           0%         1d3       50%         1
 Sandblast                Erth           0%         2d4       50%         1
 Passwall                 Tmut/Erth      0%         N/A       65%         2
 Searing Ray              Conj           0%         2d4       65%         2
 Stone Arrow              Conj/Erth      0%         3d7       87%         3
 Airstrike                Air            0%         2d(0-16)  99%         4
 Fulminant Prism          Conj/Hex       0%         3d6       99%         4
 Summon Lightning Spire   Summ/Air       0%         N/A       99%         4
 Lightning Bolt           Conj/Air       0%         1d11      100%        5


Dungeon Overview and Level Annotations

Branches:
Dungeon (10/15)            Temple (0/1) D:5             Orc (0/2) D:10
Ossuary (visited)          Bailey (visited)
   Lair: D:8-11

Shops:
D:3 (   D:4 *   D:5 :

Annotations:
D:9 exclusion: ice statue


Innate Abilities, Weirdness & Mutations

You have a considerably increased reservoir of magic. (+20% MP)
You shall have no god before yourself.
Your divine heritage dramatically boosts your attributes as you level up.
You sometimes lose your temper in combat.
Your spells are a little easier to cast, but a little less powerful.


Message History

Something hits you but does no damage. Something hits you but does no damage.
You closely miss something. Something hits you.
Something hits you but does no damage.
There is a stone staircase leading up here.
Something hits you. Something barely misses you.
You climb upwards.
Level annotation: exclusion: ice statue Reactivating autopickup.
There is a stone staircase leading down here.
Something hits you.
* * * LOW HITPOINT WARNING * * *
Deactivating autopickup; reactivate with Ctrl-A.
Something hits you but does no damage. Something hits you but does no damage.
Something hits you.
* * * LOW HITPOINT WARNING * * *
Something barely misses you. Something hits you but does no damage.
Something hits you but does no damage. x2
Something hits you.
* * * LOW HITPOINT WARNING * * *
Something hits you.
* * * LOW HITPOINT WARNING * * *
Something hits you but does no damage. Something hits you but does no damage.
Something hits you but does no damage. Something hits you!
* * * LOW HITPOINT WARNING * * *
You miss something. You block something's attack.
You swing at nothing.
Something completely misses you.
You hit something. Something hits you but does no damage.
You swing at nothing.
Something hits you but does no damage.
You slash something! Something hits you but does no damage.
You barely miss something. Something hits you but does no damage.
You hit something. Something hits you.
* * * LOW HITPOINT WARNING * * *
You swing at nothing.
Something hits you.
* * * LOW HITPOINT WARNING * * *
You swing at nothing.
Something hits you.
You die...

.................................
.................................
........####..#####..####..######
.⌠......# #..# #..# #..# #
........# #..# #..# #..# #
...⌠....# #..# #..# #..# #
........####..#####..####..######
.>...............................
................@................
...⌠.........####..########..####
........>....# #..# #..# #
.⌠...........# #..# #..# #
.............# #..# #..# #
.............# #..# #..# #
.............# #..# #..# #
.............# #..# #..# #
.............# #..# #..# #


There were no monsters in sight!

Vanquished Creatures
  A two-headed ogre (D:5)
  2 gargoyles
  A troll (D:9)
  Grinder (D:6)
  2 slime creatures
  A wyvern (D:9)
  4 yaks
  An acid dragon (D:10)
  4 water moccasins
  An ice beast (D:7)
  8 orc warriors
  2 sky beasts (D:7)
  An ogre (D:6)
  3 centaurs
  4 phantoms
  3 kobold brigands
  A gnoll sergeant (D:6)
  An elf zombie (Ossuary)
  2 necrophages (D:6)
  3 bullfrogs
  6 scorpions
  8 wights
  8 killer bees
  2 howler monkeys
  3 hounds
  3 human zombies (Ossuary)
  A jelly (D:7)
  6 orc priests
  6 iguanas
  Natasha (thrice) (D:4)
  12 orc wizards
  2 mummies (Ossuary)
  3 gnolls (D:6)
  2 adders (D:3)
  A shadow imp (D:7)
  2 white imps (D:6)
  2 ufetubi
  3 adder zombies (Ossuary)
  A worm (D:2)
  3 dart slugs
  36 orcs
  6 endoplasms
  A giant cockroach (D:1)
  14 goblins
  8 hobgoblins
  27 kobolds
  3 quokkas
  4 ball pythons
  4 bats
  3 frilled lizards
  A goblin zombie (Ossuary)
  5 hobgoblin zombies (Ossuary)
  2 jackal zombies (Ossuary)
  13 kobold zombies (Ossuary)
  9 orc zombies (Ossuary)
  7 rats
266 creatures vanquished.

Vanquished Creatures (others)
  2 plants (D:4)
2 creatures vanquished.

Grand Total: 268 creatures vanquished

Notes
Turn   | Place    | Note
-------+----------+-------------------------------------------
     0 | D:1      | SensoryNuts the Demigod Fighter began the quest for the
                  | Orb.
     0 | D:1      | Reached XP level 1. HP: 18/18 MP: 3/3
   365 | D:1      | Reached XP level 2. HP: 25/25 MP: 4/4
   389 | D:1      | Reached skill level 2 in Axes
  1112 | D:2      | Identified the +6 ring mail "Gitiptae" {Drain rC+ rN++
                  | Int+2}
  1135 | D:2      | Reached XP level 3. HP: 31/31 MP: 5/5
  1777 | D:3      | Reached skill level 3 in Axes
  1959 | D:3      | Found Ociptesh's Weapon Emporium.
  2012 | D:3      | Reached XP level 4. HP: 38/38 MP: 6/6
  2444 | D:3      | Gained mutation: Armour fits poorly on your strangely
                  | shaped body. [potion of mutation]
  2444 | D:3      | Gained mutation: You are clumsy. (Dex -2) [potion of
                  | mutation]
  2444 | D:3      | Gained mutation: Your natural rate of healing is unusually
                  | fast. [potion of mutation]
  2736 | D:4      | Found Efavupt's Assorted Antiques.
  2751 | D:4      | Bought a glowing black potion for 18 gold pieces
  2751 | D:4      | Bought a bubbling amethyst potion for 18 gold pieces
  2788 | D:4      | Noticed Natasha
  2793 | D:4      | Killed Natasha
  2794 | D:4      | Reached skill level 4 in Axes
  2819 | D:4      | Noticed a phantom
  2830 | D:4      | Killed a phantom
  2831 | D:4      | Reached XP level 5. HP: 42/45 MP: 7/7
  3025 | D:4      | Noticed Natasha
  3042 | D:4      | Killed Natasha
  3109 | D:4      | Reached skill level 5 in Axes
  3109 | D:4      | Reached XP level 6. HP: 44/51 MP: 8/8
  3174 | D:4      | Noticed Natasha
  3186 | D:4      | Killed Natasha
  3417 | D:5      | Entered Level 5 of the Dungeon
  3617 | D:5      | Found Daur's Book Shoppe.
  3624 | D:5      | Found a staircase to the Ecumenical Temple.
  3657 | D:5      | Noticed a two-headed ogre
  3666 | D:5      | Killed a two-headed ogre
  3667 | D:5      | Reached skill level 7 in Axes
  3667 | D:5      | Reached skill level 1 in Dodging
  3667 | D:5      | Reached XP level 7. HP: 6/58 MP: 9/9
  3834 | D:5      | Reached XP level 8. HP: 66/66 MP: 10/10
  4210 | D:6      | Reached skill level 8 in Axes
  4369 | D:6      | Noticed Grinder
  4377 | D:6      | Paralysed by Grinder for 5 turns
  4387 | D:6      | Killed Grinder
  4388 | D:6      | Reached skill level 9 in Axes
  4678 | D:7      | Reached skill level 5 in Armour
  4682 | D:7      | Reached XP level 9. HP: 30/72 MP: 11/11
  5232 | D:7      | Reached skill level 10 in Axes
  5379 | D:7      | Reached skill level 5 in Fighting
  5706 | D:8      | Found a sand-covered staircase.
  5714 | Ossuary  | Entered an ossuary
  6128 | D:8      | Identified the +4 quarterstaff "Ugolupn" {vorpal, MP+9
                  | Str+3 Dex+6}
  6184 | D:8      | Noticed a gargoyle
  6197 | D:8      | Reached skill level 1 in Stealth
  6203 | D:8      | Killed a gargoyle
  6204 | D:8      | Reached skill level 11 in Axes
  6286 | D:8      | Lost mutation: Armour fits poorly on your strangely shaped
                  | body. [potion of mutation]
  6286 | D:8      | Lost mutation: Your natural rate of healing is unusually
                  | fast. [potion of mutation]
  6286 | D:8      | Lost mutation: You are clumsy. (Dex -2) [potion of
                  | mutation]
  6286 | D:8      | Gained mutation: You have hidden genetic defects. [potion
                  | of mutation]
  6286 | D:8      | Gained mutation: You have a considerably increased
                  | reservoir of magic. (+20% MP) [potion of mutation]
  6947 | D:8      | Reached XP level 10. HP: 78/81 MP: 14/14
  7005 | D:8      | Gained mutation: Your spells are a little easier to cast,
                  | but a little less powerful. [hidden defects]
  8187 | D:9      | Found a flagged portal.
  8234 | Bailey   | Entered a bailey
  8357 | Bailey   | HP: 1/83 [orc warrior/+0 war axe (6)]
  8779 | D:9      | Gained mutation: You sometimes lose your temper in combat.
                  | [hidden defects]
  8779 | D:9      | Lost mutation: You have hidden genetic defects. [hidden
                  | defects expressed]
  9218 | D:9      | Noticed a two-headed ogre
  9226 | D:9      | Reached skill level 12 in Axes
 10177 | D:9      | Noticed an ice statue
 11039 | D:10     | Entered Level 10 of the Dungeon
 11077 | D:10     | Found a staircase to the Orcish Mines.
 11942 | D:9      | HP: 3/79 [something (6)]
 11943 | D:9      | Slain by an unseen horror

Illustrated notes

Levels and vault maps discovered:
D:1:      shiori_arrival_oz, layout_basic,
          shapermc_ecumenical_altar_mp_vishouse, serial_park_tiny_2, minivault_5
D:2:      layout_loops_ring
D:3:      layout_basic, nicolae_ru_great_annihilating_truth,
          nicolae_elyvilon_temple_path, serial_shops, nicolae_shop_trees
D:4:      layout_basic, serial_shops, nicolae_shop_overgrown_old_shop,
          moated_statue, uniq_natasha
D:5:      layout_gridville, general_overflow_altar,
          minmay_temple_entry_statues_fountains, serial_shops, shop
D:6:      layout_basic, kennysheep_little_box, hangedman_minor_gate_pass,
          uniq_grinder
D:7:      layout_basic, grunt_tough_drop
D:8:      layout_gridville, mainiacjoe_overflow_six_doors_small,
          mainiacjoe_overflow_brackets, mainiacjoe_overflow_tiny_flanked,
          nicolae_ossuary_entry_plus, grunt_potential
D:9:      layout_small_grid, mainiacjoe_overflow_concentric_impassable,
          enter_bailey_3, minivault_16, grunt_ministairs_2, minmay_holes
D:10:     layout_cave_pods, lair_entry_dummy, erik_orc_1,
          kennysheep_generic_room_4

Skill      XL: |  1  2  3  4  5  6  7  8  9 10 |
---------------+-------------------------------+-----
Shields        | 3 |  3.8
Axes           | 2 3 4 5 7 9 11 12 | 12.6
Fighting       | 3 4 5 6 |  6.0
Armour         | 3 4 5 6 |  6.6
Dodging        | 1 2 3 |  3.1
Stealth        | 1 |  1.6

Action                   |  1- 3 |  4- 6 |  7- 9 | 10-12 || total
-------------------------+-------+-------+-------+-------++-------
Melee: War axe           |   136 |    83 |   346 |   232 ||   797
  Use: Scroll            |     5 |     7 |     9 |     7 ||    28
       Potion            |     4 |     3 |     5 |     9 ||    21
 Stab: Paralysed         |       |     1 |       |       ||     1
Armor: Scale mail        |    78 |    31 |   138 |   161 ||   408
Dodge: Dodged            |    62 |    37 |   153 |   152 ||   404
Block: Buckler           |    33 |     9 |    60 |    66 ||   168

Table legend: (Time is in decaauts)
 A = Elapsed time spent in this place.
 B = Non-inter-level travel time spent in this place.
 C = Inter-level travel time spent in this place.
 D = Time resting spent in this place.
 E = Time spent auto-exploring this place.
 F = Levels seen in this place.
 G = Mean time per level.
                   A        B        C        D        E       F      G
               +--------+--------+--------+--------+--------+-----+--------+
         Total |  12060 |  11732 |    328 |    977 |   8865 |  12 | 1005.0 |
       Dungeon |  11702 |  11374 |    328 |    977 |   8709 |  10 | 1170.2 |
       Ossuary |    221 |    221 |      0 |      0 |     87 |   1 |  221.0 |
        Bailey |    136 |    136 |      0 |      0 |     69 |   1 |  136.0 |
               +--------+--------+--------+--------+--------+-----+--------+

Top non-repeatable levels by time:
     D:8: 2852 daAuts
     D:9: 2196 daAuts
     D:7: 1035 daAuts
     D:1: 1009 daAuts
     D:4: 891 daAuts
    D:10: 878 daAuts
     D:3: 850 daAuts
     D:5: 758 daAuts
     D:2: 752 daAuts
     D:6: 478 daAuts
 Ossuary: 221 daAuts
  Bailey: 136 daAuts
